 Dungeon Sprint DCSS version 0.30-a0-953-g5f1da4a474 (webtiles) character file.

Game seed: 1471279057404516460

14 testman the Magician (level 2, -2/37 HPs)
             Began as a Djinni Ice Elementalist on Mar 28, 2023.
             Slain by an ice beast (18 damage)
             ... in the Dungeon (Sprint IX: "|||||||||||||||||||||||||||||").
             The game lasted 00:00:47 (114 turns).

testman the Magician (Djinni Ice Elementalist)       Turns: 114, Time: 00:00:48

Health: -2/37      AC:  2    Str:  7    XL:     2   Next: 55%
Gold:   0          EV: 12    Int: 16    God:
                   SH:  0    Dex: 13

rFire   + + .      SeeInvis .    g - +0 short sword
rCold   x . .      Faith    .    (no shield)
rNeg    . . .      Spirit   .    a - +0 robe
rPois   ∞          Reflect  .    (no helmet)
rElec   .          Rampage  .    (no cloak)
rCorr   .          NoTele   +    (no gloves)
Will    .....                    (boots unavailable) Stlth
                                 (no amulet)
HPRegen 0.26/turn                (no ring)
MPRegen 0.00/turn                (no ring)

@: berserking, flying, very quick
A: sickness immunity, fire resistance 2, cold vulnerability 1, float, innate
caster, HP casting, extra vitality 1
a: no special abilities


You were in the Dungeon.
You visited 1 branch

Inventory:

Hand Weapons
 g - a +0 short sword (weapon)
Armour
 a - a +0 robe (worn)
Scrolls
 f - a scroll of blinking
Potions
 b - a potion of curing
 d - a potion of haste


   Skills:
 + Level 3.1 Fighting
 - Level 2.1 Dodging
 - Level 1.5 Stealth
 + Level 4.1 Spellcasting


You knew the following spells:

 Your Spells              Type           Power      Damage    Failure   Level
a - Freeze                Ice            64%        1d7       3%          1
b - Frozen Ramparts       Ice            32%        1d5       9%          3
c - Ozocubu's Armour      Ice            16%        N/A       9%          3
d - Summon Ice Beast      Ice/Summ       16%        N/A       30%         4
Your spell library was empty.

Dungeon Overview and Level Annotations

Branches:
Dungeon (1/1)

Altars:


Innate Abilities, Weirdness & Mutations

You are immune to sickness and miasma.
You are immune to poison.
Your flesh is very heat resistant. (rF++)
You are vulnerable to cold. (rC-)
You float through the air rather than walking.
You learn spells naturally, not from books.
Your magical power is your life essence.
You have superior vitality. (+4 MHP)


Message History

The gnoll hits you with a +0 club.
* * * LOW HITPOINT WARNING * * *
Aiming: Freeze (safe; 3% risk of failure)
Press: ? - help, Q - select action Shift-Dir - straight line, f/p - gnoll
Aim: a gnoll, wielding a +0 club (severely wounded)
You freeze the gnoll!
You kill the gnoll!
* * * LOW HITPOINT WARNING * * *
The bat hits you but does no damage. The bat closely misses you.
Your Fighting skill gained 2 levels and is now at level 3!
Your Spellcasting skill increases to level 4!
You have reached level 2!
Aiming: Freeze (safe; 3% risk of failure)
Press: ? - help, Q - select action Shift-Dir - straight line, f - bat
Aim: a bat You freeze the bat.
You kill the bat!
* * * LOW HITPOINT WARNING * * *
Things that are here:
a +0 club; a +0 short sword; a kobold corpse
g - a +0 short sword (weapon)
You start resting.
HP restored.
You reach down and open the door.
An ice beast, an ufetubus, a worm, an iguana and a scorpion come into view.
The ufetubus shouts!
The iguana hisses angrily.
You hit the ice beast but do no damage.
The ice beast hits you but does no damage.
You closely miss the ice beast. The ice beast hits you.
The ice beast freezes you!
You feel a terrible chill!
You hit the ice beast but do no damage. The ice beast hits you.
The ice beast freezes you!
You feel a terrible chill!
* * * LOW HITPOINT WARNING * * *
You feel much better. The ice beast closely misses you.
A red film seems to cover your vision as you go berserk!
You feel yourself moving faster!
You feel mighty! The ice beast hits you. The ice beast freezes you!
You feel a terrible chill!
You barely miss the ice beast. The ice beast hits you.
The ice beast freezes you!!
You feel a terrible chill!
You die...

▓.▓
▓.▓
▓.▓
▓'▓
▓.▓
▓)▓
▓.▓
▓.▓
▓@▓
▓Y▓
▓5▓
▓w▓
▓l▓
▓s▓
▓.▓
▓+▓


You could see an ice beast, a worm, a scorpion, an iguana and an ufetubus.

Vanquished Creatures
  A gnoll (D)
  A kobold (D)
  A quokka (D)
  A bat (D)
  A rat (D)
5 creatures vanquished.

Notes
Turn   | Place    | Note
-------+----------+-------------------------------------------
     0 | D        | testman the Djinni Ice Elementalist began the quest for the
                  | Orb.
     0 | D        | testman set off with the following spells memorised:
                  | Freeze, Frozen Ramparts, Ozocubu's Armour, Summon Ice
                  | Beast.
     0 | D        | Reached XP level 1. HP: 15/15 MP: 0/0
    10 | D        | Reached skill level 1 in Fighting
    16 | D        | Reached skill level 4 in Spellcasting
    16 | D        | Reached XP level 2. HP: 4/25 MP: 0/0
   108 | D        | Noticed an ice beast
   108 | D        | Noticed a scorpion
   114 | D        | Slain by an ice beast

Illustrated notes

Levels and vault maps discovered:
D:        linesprint [early_d, line_temple, items_1, d_10, items_2, lair_1,
          lair_end, items_3, orc_1, orc_end, items_4, d_15, swamp_1, shoals_1,
          snake_1, spider_1, d_20, vaults_1, items_5, swamp_end, shoals_end,
          snake_end, spider_end, vaults_end, d_27, items_6, zot_1, zot_end,
          crypt_end, forest_end, elf_end, slime_end, tomb_end, abyss_end,
          pan_hell_end]

Skill      XL: |  1 |
---------------+----+-----
Fighting       | 3 |  3.1
Spellcasting   | 4 |  4.1
Dodging        | |  2.1
Stealth        | |  1.5

Action                     || total
---------------------------++-------
  Melee: Short sword       ||     4
   Cast: Freeze            ||    10
    Use: Potion            ||     2
 Armour: Robe              ||     2
  Dodge: Dodged            ||     4

Table legend: (Time is in decaauts)
 A = Elapsed time spent in this place.
 B = Non-inter-level travel time spent in this place.
 C = Inter-level travel time spent in this place.
 D = Time resting spent in this place.
 E = Time spent auto-exploring this place.
 F = Levels seen in this place.
 G = Mean time per level.
                   A        B        C        D        E       F      G
               +--------+--------+--------+--------+--------+-----+--------+
         Total |    113 |    113 |      0 |     86 |      0 |   1 |  113.0 |
       Dungeon |    113 |    113 |      0 |     86 |      0 |   1 |  113.0 |
               +--------+--------+--------+--------+--------+-----+--------+

Top non-repeatable levels by time:
       D: 113 daAuts
